 Dungeon Crawl Stone Soup version 0.29-a0-648-g6b26cc9 (webtiles) character file.

Game seed: 5257023316916069038

590 Dawnplanks the Bolt Thrower (level 7, -3/53 HPs)
             Began as a Formicid Hunter on June 20, 2022.
             Slain by Maggie
             ... wielding a +0 halberd
              (15 damage)
             ... on level 8 of the Dungeon.
             The game lasted 00:06:55 (3536 turns).

Dawnplanks the Bolt Thrower (Formicid Hunter)       Turns: 3536, Time: 00:06:55

Health: -3/53      AC:  6    Str: 21    XL:     7   Next: 66%
Magic:  7/7        EV: 12    Int:  8    God:
Gold:   105        SH:  6    Dex: 27    Spells: 6/6 levels left

rFire   + . .      SeeInvis +   h - +3 whip "Goblinslayer" {vorpal, rF+ Str+5 Dex+8}
rCold   . . .      Faith    .   e - +0 buckler
rNeg    . . .      Spirit   .   f - +0 ring mail
rPois   .          Reflect  .   (helmet unavailable)
rElec   .          Harm     .   (no cloak)
rCorr   .          Rampage  .   (no gloves)
Will    .....                   n - +0 pair of boots
Stlth   ++........              q - amulet of magic regeneration
HPRegen 0.17/turn               (no ring)
MPRegen 0.50/turn               (no ring)

@: no status effects
A: permanent stasis, dig shafts and tunnels, antennae 3, four strong arms
a: Dig, Shaft Self


You were on level 8 of the Dungeon.
You visited 1 branch of the dungeon, and saw 6 of its levels.

You collected 105 gold pieces.

Inventory:

Hand Weapons
 a - a +1 hand crossbow
 h - the +3 whip "Goblinslayer" (weapon) {vorpal, rF+ Str+5 Dex+8}
   (You took it off a kobold on level 4 of the Dungeon)

   It inflicts extra damage upon your enemies.
   Str:       It affects your strength (+5).
   Dex:       It affects your dexterity (+8).
   rF:        It protects you from fire.
Armour
 e - a +0 buckler (worn)
 f - a +0 ring mail (worn)
 n - a +0 pair of boots (worn)
Jewellery
 q - an amulet of magic regeneration (around neck)
Scrolls
 b - 2 scrolls of enchant weapon {unknown}
 c - a scroll of immolation
 d - a scroll of amnesia {unknown}
 g - 4 scrolls of identify {unknown}
 i - 2 scrolls of teleportation {unknown}
 k - a scroll of vulnerability {unknown}
Potions
 j - a potion of haste
 l - a potion of ambrosia {unknown}
 m - 2 potions of degeneration {unknown}
 o - a potion of curing {unknown}
 p - a potion of heal wounds {unknown}
 r - a potion of might {unknown}


   Skills:
 + Level 3.9 Fighting
 - Level 0.1 Maces & Flails
 + Level 7.0 Crossbows
 + Level 3.1 Armour
 + Level 2.5 Dodging
 - Level 1.2 Stealth
 + Level 2.0 Shields


You had 6 spell levels left.
You didn't know any spells.
Your spell library was empty.

Dungeon Overview and Level Annotations

Branches:
Dungeon (5/15)
 Temple: D:4-7

Altars:
Makhleb
Xom
The Shining One

Annotations:
D:5 Edmund
D:8 Maggie


Innate Abilities, Weirdness & Mutations

You cannot be hasted, slowed, berserked, paralysed or teleported.
You can dig through walls and to a lower floor.
You have a pair of large antennae on your head. (SInv)
Your four strong arms can wield two-handed weapons with a shield.


Message History

You whack Maggie!
Maggie is lightly wounded.
Maggie gestures at you while chanting. The bolt of fire misses you.
You hit Maggie.
Maggie is moderately wounded.
Maggie misses you.
You hit Maggie but do no damage.
Maggie is moderately wounded.
Maggie barely misses you.
You hit Maggie.
Maggie is moderately wounded.
Maggie gestures at you while chanting. The bolt of fire hits you! You resist.
You completely miss Maggie.
Maggie is moderately wounded.
Maggie gestures wildly while chanting.
Maggie draws you further into her thrall.
You barely miss Maggie.
Maggie is moderately wounded.
You block Maggie's attack. Maggie closely misses you.
You hit Maggie.
Maggie is moderately wounded.
Maggie mumbles the words to a spell, but in the wrong order.
Maggie hits you with a +0 halberd.
You closely miss Maggie.
Maggie is moderately wounded.
Maggie closely misses you.
You hit Maggie.
Maggie is heavily wounded.
Maggie barely misses you.
You barely miss Maggie.
Maggie is heavily wounded.
Maggie hits you with a +0 halberd!
* * * LOW HITPOINT WARNING * * *
You closely miss Maggie.
Maggie is heavily wounded.
You break out of your daze.
Maggie hits you with a +0 halberd!
You die...

##.....##.#
#########...###.#
...........## #.#
##.###.##### #.#
##.# #.# #.# #.#
#.# #.# #.# #.#
#.# #.# #.#
#.####### #.# #.#
#.@@....# ..# #.#
#######.# ##. >.#


You could see Maggie.

Vanquished Creatures
  Sigmund (D:3)
  A black bear (D:8)
  A centaur (D:8)
  A bullfrog (D:8)
  A jelly (D:4)
  Terence (D:2)
  An orc wizard (D:3)
  4 adders
  2 worms
  2 dart slugs (D:4)
  4 orcs
  4 ball pythons
  6 endoplasms (D:2)
  2 giant cockroaches
  8 goblins
  8 hobgoblins
  8 jackals
  2 kobolds (D:4)
  2 quokkas
  7 bats
  6 rats
72 creatures vanquished.

Notes
Turn   | Place    | Note
-------+----------+-------------------------------------------
     0 | D:1      | Dawnplanks the Formicid Hunter began the quest for the Orb.
     0 | D:1      | Reached XP level 1. HP: 16/16 MP: 1/1
   168 | D:1      | Reached XP level 2. HP: 23/23 MP: 2/2
   229 | D:1      | You fall into a shaft and drop 1 floor!
   591 | D:2      | You fall into a shaft and drop 2 floors!
   668 | D:4      | Reached XP level 3. HP: 11/28 MP: 3/3
   950 | D:4      | Found a shimmering altar of Xom.
   954 | D:4      | Identified the +3 whip "Goblinslayer" {vorpal, rF+ Str+5
                  | Dex+8}
   958 | D:4      | Reached skill level 1 in Armour
  1110 | D:3      | Reached XP level 4. HP: 34/34 MP: 4/4
  1136 | D:3      | Reached skill level 5 in Crossbows
  1466 | D:2      | Found a glowing golden altar of the Shining One.
  1524 | D:2      | Reached XP level 5. HP: 38/40 MP: 5/5
  1692 | D:2      | Noticed Terence
  1704 | D:2      | Killed Terence
  2112 | D:3      | Noticed Sigmund
  2194 | D:3      | Killed Sigmund
  2195 | D:3      | Reached skill level 6 in Crossbows
  2195 | D:3      | Reached skill level 1 in Shields
  2195 | D:3      | Reached XP level 6. HP: 27/47 MP: 6/6
  2777 | D:4      | Reached XP level 7. HP: 32/52 MP: 7/7
  3057 | D:5      | Entered Level 5 of the Dungeon
  3063 | D:5      | Found a burning altar of Makhleb.
  3063 | D:5      | Noticed Edmund
  3076 | D:5      | You fall into a shaft and drop 3 floors!
  3461 | D:8      | Reached skill level 7 in Crossbows
  3521 | D:8      | Noticed Maggie
  3536 | D:8      | Slain by Maggie

Illustrated notes

Levels and vault maps discovered:
D:1:      dpeg_arrival_subterranean_lakeside_camping, layout_rooms,
          shapermc_ecumenical_altar_acropolis
D:2:      layout_loops_ring, basic_altar, minmay_splitting_lines,
          minmay_misc_feat_chi, uniq_terence
D:3:      layout_rooms, uniq_sigmund
D:4:      layout_cave_pools, mainiacjoe_overflow_paths, kennysheep_donut
D:5:      minmay_general_purpose_star, layout_rooms, grunt_temple_overflow_open,
          kennysheep_minor_cross, grunt_ministairs_8, uniq_edmund
D:8:      layout_loops_ring, cheibrodos_ashenzari_chains, serial_shops,
          nicolae_diamond_shop, uniq_maggie

Skill      XL: |  1  2  3  4  5  6  7 |
---------------+----------------------+-----
Dodging        | 2 |  2.5
Armour         | 1 2 3 |  3.1
Crossbows      | 5 6 7 |  7.0
Fighting       | 3 |  3.9
Shields        | 1 2 |  2.0
Maces & Flails | |  0.1
Stealth        | |  1.2

Action                   |  1- 3 |  4- 6 |  7- 9 || total
-------------------------+-------+-------+-------++-------
Melee: Whip              |       |    14 |    15 ||    29
 Fire: Hand crossbow     |    77 |   111 |    32 ||   220
 Abil: Dig               |     4 |       |       ||     4
       Shaft Self        |     3 |       |     1 ||     4
Armor: Leather armour    |     6 |       |       ||     6
       Ring mail         |     8 |    17 |     6 ||    31
Dodge: Dodged            |    39 |    38 |    25 ||   102
Block: Buckler           |     3 |    18 |    10 ||    31

Table legend: (Time is in decaauts)
 A = Elapsed time spent in this place.
 B = Non-inter-level travel time spent in this place.
 C = Inter-level travel time spent in this place.
 D = Time resting spent in this place.
 E = Time spent auto-exploring this place.
 F = Levels seen in this place.
 G = Mean time per level.
                   A        B        C        D        E       F      G
               +--------+--------+--------+--------+--------+-----+--------+
         Total |   3619 |   3396 |    223 |    887 |   1914 |   6 |  603.2 |
       Dungeon |   3619 |   3396 |    223 |    887 |   1914 |   6 |  603.2 |
               +--------+--------+--------+--------+--------+-----+--------+

Top non-repeatable levels by time:
     D:2: 1106 daAuts
     D:4: 976 daAuts
     D:3: 808 daAuts
     D:8: 466 daAuts
     D:1: 241 daAuts
     D:5: 20 daAuts
